 Dungeon Crawl Stone Soup version 0.29.1-2-gbd0b4ee654 (webtiles) character file.

Game seed: 15056399559015276315

189 Goreval the Sneak (level 5, 0/42 HPs)
             Began as a Naga Enchanter on Nov 17, 2022.
             Slain by an orc
             ... wielding a +0 club
              (5 damage)
             ... on level 3 of the Dungeon.
             The game lasted 00:08:43 (3758 turns).

Goreval the Sneak (Naga Enchanter)                  Turns: 3758, Time: 00:08:44

Health: 0/42       AC:  3    Str: 11    XL:     5   Next: 68%
Magic:  0/9        EV:  9    Int: 17    God:
Gold:   124        SH:  0    Dex: 11    Spells: 7/9 levels left

rFire   . . .      SeeInvis +   q - +1 dagger (speed)
rCold   . . .      Faith    .   (no shield)
rNeg    . . .      Spirit   .   b - +0 robe
rPois   +          Reflect  .   i - +0 helmet
rElec   .          Harm     .   (no cloak)
rCorr   .          Rampage  .   (no gloves)
Will    .....                   (no barding)
Stlth   +++.......              (no amulet)
HPRegen 0.14/turn               (no ring)
MPRegen 0.11/turn               (no ring)

@: very slow
A: AC +1, large, see invisible, deformed body, poison resistance, slowness 2,
spit poison 1, naga tail 1
a: Spit Poison


You were on level 3 of the Dungeon.
You visited 1 branch of the dungeon, and saw 3 of its levels.

You collected 124 gold pieces.

Inventory:

Hand Weapons
 a - a +1 dagger
 q - a +1 dagger of speed (weapon)
Missiles
 e - 32 stones
 t - a throwing net
Armour
 b - a +0 robe (worn)
 i - a +0 helmet (worn)
Jewellery
 o - an amulet of faith
Wands
 s - a wand of mindburst (12)
Scrolls
 g - a scroll of teleportation {unknown}
 j - 3 scrolls of identify {unknown}
 k - a scroll of enchant weapon {unknown}
 l - 4 scrolls of noise {unknown}
 u - a scroll of blinking {unknown}
Potions
 c - 2 potions of invisibility
 d - a potion of curing {unknown}
 f - a potion of heal wounds {unknown}
 h - a potion of lignification {unknown}
 m - a potion of resistance {unknown}
 n - a potion of mutation {unknown}
 p - a potion of haste {unknown}
 r - 2 potions of might {unknown}
 v - a potion of brilliance {unknown}


   Skills:
 * Level 3.0 Short Blades
 - Level 1.5 Dodging
 + Level 5.5 Stealth
 + Level 2.8 Spellcasting
 * Level 4.3 Hexes


You had 7 spell levels left.
You knew the following spells:

 Your Spells              Type           Power      Damage    Failure   Level
a - Ensorcelled Hibernat  Hex/Ice        18%        N/A       11%         2

Your spell library contained the following spells:

 Spells                   Type           Power      Damage    Failure   Level
 Confusing Touch          Hex            17%        N/A       9%          3
 Tukima's Dance           Hex            17%        N/A       9%          3
 Necrotise                Necr           8%         1d4       19%         1
 Dazzling Flash           Conj/Hex       18%        N/A       22%         3
 Vampiric Draining        Necr           2%         2d6       47%         3
 Agony                    Necr           2%         N/A       99%         5


Dungeon Overview and Level Annotations

Branches:
Dungeon (3/15)

Altars:
Elyvilon
Hepliaklqana


Innate Abilities, Weirdness & Mutations

Your serpentine skin is tough. (AC +1)
You have supernaturally acute eyesight. (SInv)
Armour fits poorly on your strangely shaped body.
Your system is resistant to poisons. (rPois)
You cover ground very slowly.
You can spit poison.
You have a snake-like lower body.


Message History

You closely miss the orc. The orc barely misses you.
You hit the orc but do no damage. You hit the orc but do no damage.
The orc hits you with a +0 flail!
* * * LOW HITPOINT WARNING * * *
Aim: an orc, wielding a +0 club and wearing a +0 ring mail (65% to hit)
The splash of poison hits the orc but does no damage.
The orc is poisoned.
The orc hits you with a +0 flail.
* * * LOW HITPOINT WARNING * * *
You hit the orc but do no damage. The orc hits you with a +0 flail.
* * * LOW HITPOINT WARNING * * *
You closely miss the orc. You hit the orc but do no damage.
The orc barely misses you.
Aim: an orc, wielding a +0 club and wearing a +0 ring mail (chance to affect: 61%)
The orc looks drowsy...
The helpless orc fails to defend itself.
You impale the orc!!
You kill the orc!
Aim: an orc, wielding a +0 club and wearing a +0 ring mail (chance to affect: 61%)
The orc resists with significant effort.
Aim: an orc, wielding a +0 club and wearing a +0 ring mail (chance to affect: 61%)
The orc resists with significant effort.
The orc hits you with a +0 club.
* * * LOW HITPOINT WARNING * * *
Aim: an orc, wielding a +0 club and wearing a +0 ring mail (chance to affect: 61%)
The orc resists with significant effort.
You have got your breath back.
The orc closely misses you.
Aim: an orc, wielding a +0 club and wearing a +0 ring mail (65% to hit)
The splash of poison hits the orc.
The orc is poisoned.
The orc barely misses you.
You hit the orc but do no damage. You punch the orc, but do no damage.
The orc hits you but does no damage.
You hit the orc but do no damage. The orc hits you with a +0 club.
* * * LOW HITPOINT WARNING * * *
You hit the orc but do no damage. You barely miss the orc.
You have got your breath back.
The orc hits you with a +0 club.
You die...

#................##.# #####
#................##.## ##.
###..............##..# ##.#
.......##.#########.## #.#.
.............# #..####..
..#..#.o...##.# ##...))..
o.....#.#)##.##############
...o. ..#o#.........#
...o..###@#........)#
..........#.........# ###
.###................# #..
##.#####.........# #.# ...
#.........# #.# ....
#....†....# ##. #....
#.........## #. #...
#......?...# #. #...
##########.# #§


You could see an orc (poisoned).

Vanquished Creatures
  An orc wizard (D:3)
  6 gnolls (D:3)
  2 adders
  3 worms (D:2)
  10 orcs (D:3)
  5 ball pythons
  4 bats
  5 endoplasms (D:1)
  4 giant cockroaches
  3 goblins
  7 hobgoblins
  3 jackals (D:2)
  4 kobolds
  2 quokkas
  6 frilled lizards
  6 rats
71 creatures vanquished.

Vanquished Creatures (others)
  A quokka (D:3)
  2 fungi (D:1)
3 creatures vanquished.

Grand Total: 74 creatures vanquished

Notes
Turn   | Place    | Note
-------+----------+-------------------------------------------
     0 | D:1      | Goreval the Naga Enchanter began the quest for the Orb.
     0 | D:1      | Reached XP level 1. HP: 15/15 MP: 3/3
   343 | D:1      | Reached XP level 2. HP: 11/22 MP: 5/5
   646 | D:1      | Learned a level 2 spell: Ensorcelled Hibernation
  1089 | D:1      | Reached XP level 3. HP: 28/28 MP: 6/6
  2052 | D:2      | Reached XP level 4. HP: 36/36 MP: 0/7
  2327 | D:2      | Found a faded altar of an unknown god.
  2736 | D:3      | Reached skill level 5 in Stealth
  3006 | D:3      | Found a hazy altar of Hepliaklqana.
  3012 | D:3      | Reached XP level 5. HP: 17/42 MP: 0/8
  3585 | D:3      | Found a white marble altar of Elyvilon.
  3758 | D:3      | Slain by an orc

Illustrated notes

Levels and vault maps discovered:
D:1:      dpeg_cavernosity, layout_basic, minmay_3d_cube
D:2:      layout_basic, shapermc_ecumenical_altar_notcrosses
D:3:      wad_pebble_path, layout_basic, elyvilon_altar_4,
          mainiacjoe_overflow_paths

Skill      XL: |  1  2  3  4  5 |
---------------+----------------+-----
Short Blades   | 2 3 |  3.0
Stealth        | 5 |  5.5
Hexes          | 4 |  4.3
Dodging        | |  1.5
Spellcasting   | |  2.8

Action                   |  1- 3 |  4- 6 || total
-------------------------+-------+-------++-------
Melee: Dagger            |   132 |   108 ||   240
       Punch             |       |     2 ||     2
 Cast: Ensorcelled Hiber |    10 |    20 ||    30
 Abil: Spit Poison       |     8 |     8 ||    16
Evoke: Wand              |       |     3 ||     3
 Stab: Sleeping          |    11 |    14 ||    25
Armor: Robe              |    35 |    12 ||    47
Dodge: Dodged            |    55 |    38 ||    93
